 Dungeon Crawl Stone Soup version 0.23.2-1-ga50397a (webtiles) character file.

Game seed: 16769673465733794366

21 Kahibar the Vexing (level 2, 0/27 HPs)
             Began as an Ogre Arcane Marksman on May 18, 2019.
             Succumbed to an adder's poison
             ... on level 2 of the Dungeon.
             The game lasted 00:11:23 (1459 turns).

Kahibar the Vexing (Ogre Arcane Marksman)           Turns: 1459, Time: 00:11:24

Health: 0/27       AC:  3    Str: 13    XL:     2   Next: 87%
Magic:  1/3        EV: 10    Int: 14    God:
Gold:   63         SH:  0    Dex:  9    Spells: 0/3 levels left

rFire    . . .     SeeInvis .   e - +0 club
rCold    . . .     Gourm    .   (no shield)
rNeg     . . .     Faith    .   a - +0 robe
rPois    .         Spirit   .   (helmet restricted)
rElec    .         Reflect  .   (no cloak)
rCorr    .         Harm     .   (gloves unavailable)
MR       .....                  (boots unavailable)
Stlth    +.........             (no amulet)
HPRegen  0.09/turn              (no ring)
MPRegen  0.08/turn              (no ring)

@: lethally poisoned (0 -> -20)
A: large, unfitting armour, tough skin 1
a: no special abilities


You were on level 2 of the Dungeon.
You were not hungry.

You visited 1 branch of the dungeon, and saw 2 of its levels.

You collected 63 gold pieces.

Inventory:

Hand Weapons
 e - a +0 club (weapon)
 h - a +0 dagger
 i - a +0 mace
Missiles
 b - 52 stones (quivered)
 d - 2 throwing nets
 n - 18 sling bullets
Armour
 a - a +0 robe (worn)
 g - a +0 robe
Scrolls
 k - a scroll of fear {unknown}
 l - 2 scrolls of remove curse {unknown}
Potions
 j - a potion of magic {unknown}
Comestibles
 c - a chunk of flesh
 f - 5 rations


   Skills:
 + Level 1.3 Fighting
 + Level 2.6 Throwing
 + Level 1.9 Dodging
 + Level 0.1 Stealth
 + Level 1.2 Spellcasting
 + Level 3.1 Hexes


You couldn't memorise any spells.
You knew the following spells:

 Your Spells              Type           Power        Failure   Level  Hunger
a - Corona                Hex            #......      7%          1    ##.....
b - Slow                  Hex            #.......     11%         2    ###....

Your spell library contained the following spells:

 Spells                   Type           Power        Failure   Level  Hunger
 Inner Flame              Hex/Fire       #.......     38%         3    ####...
 Portal Projectile        Hex/Tloc       #.....       38%         3    ####...
 Cause Fear               Hex            #.........   56%         4    #####..
 Leda's Liquefaction      Hex/Erth       #.........   80%         4    #####..


Dungeon Overview and Level Annotations

Branches:
Dungeon (2/15)

Altars:


Innate Abilities, Weirdness & Mutations

You are too large for most types of armour.
You have tough skin. (AC +1)


Message History

The adder is heavily wounded.
* * * LOW HITPOINT WARNING * * *
You feel sick. The adder bites you.
* * * LOW HITPOINT WARNING * * *
You are more poisoned.
The adder poisons you!
You hit the adder but do no damage.
The adder is heavily wounded.
* * * LOW HITPOINT WARNING * * *
You feel sick. The adder barely misses you. The adder bites you.
* * * LOW HITPOINT WARNING * * *
You are more poisoned.
The adder poisons you!
Casting: Corona (safe; 7% risk of failure)
Confirm with . or Enter, or press ? or * to list all spells.
Aiming: Slow (safe; 11% risk of failure)
Press: ? - help, Shift-Dir - straight line, f/p - adder
Aim: an adder (heavily wounded, chance to defeat MR: 52%)
The adder seems to slow down.
You die...

.......#####
#+#<...#
#......#
#####..#
#..#######
#.........
#...######
#...# #.@.#
#..S#
#......#
#..##..#
#[.# .(#
#..# .# #..#
.# #... ##..


You could see an adder.

Vanquished Creatures
  A dart slug (D:1)
  5 bats (D:1)
  A giant cockroach (D:1)
  3 goblins (D:1)
  3 hobgoblins (D:1)
  2 frilled lizards (D:1)
  A kobold (D:1)
  2 rats (D:1)
18 creatures vanquished.

Notes
Turn   | Place    | Note
-------+----------+-------------------------------------------
     0 | D:1      | Kahibar the Ogre Arcane Marksman began the quest for the
                  | Orb.
     0 | D:1      | Reached XP level 1. HP: 19/19 MP: 2/2
   170 | D:1      | Reached XP level 2. HP: 20/27 MP: 3/3
   824 | D:1      | Reached skill level 3 in Hexes
   843 | D:1      | Learned a level 2 spell: Slow
  1458 | D:2      | HP: 1/27 [adder (1)]
  1459 | D:2      | Succumbed to an adder's poison

Skill      XL: |  1  2 |
---------------+-------+-----
Hexes          | 3 |  3.1
Fighting       | |  1.3
Throwing       | |  2.6
Dodging        | |  1.9
Stealth        | |  0.1
Spellcasting   | |  1.2

Action                   || total
-------------------------++-------
Melee: Unarmed           ||     4
       Club              ||    12
Throw: Large rock        ||    31
       Stone             ||    11
 Cast: Slow              ||     1
  Eat: Chunk             ||     2
Armor: Robe              ||    31
Dodge: Dodged            ||    37
